 Dungeon Crawl Stone Soup version 0.30-a0-800-g7c544603b3 (webtiles) character file.

Game seed: 15106261839043489587

1056 NinjaNoafa the Conjurer (level 8, -3/57 HPs)
             Began as a Green Draconian Conjurer on Feb 22, 2023.
             Slain by an orc
             ... wielding a +0 flail
              (5 damage)
             ... on level 5 of the Dungeon.
             The game lasted 00:16:00 (3513 turns).

NinjaNoafa the Conjurer (Green Draconian Conjurer)  Turns: 3513, Time: 00:16:01

Health: -3/57      AC:  8    Str:  9    XL:     8   Next: 6%
Magic:  4/16       EV: 12    Int: 24    God:
Gold:   160        SH:  0    Dex: 10    Spells: 12/18 levels left

rFire   . . .      SeeInvis .    t - +2 hammer (venom)
rCold   . . .      Faith    +    (no shield)
rNeg    + . .      Spirit   .    (body armour unavailable)
rPois   +          Reflect  .    (helmet restricted)
rElec   .          Harm     .    j - +0 cloak
rCorr   .          Rampage  .    x - +0 pair of gloves "Peimauz" {Int+3}
Will    .....                    (no boots)
Stlth   ++                       y - amulet of faith
HPRegen 0.29/turn                d - ring of positive energy
MPRegen 0.15/turn                (no ring)

@: short of breath, very slightly contaminated
A: breathe noxious fumes, AC +6, unfitting armour, poison resistance,
cold-blooded
a: Breathe Noxious Fumes


You were on level 5 of the Dungeon.
You visited 1 branch of the dungeon, and saw 5 of its levels.

You collected 435 gold pieces.
You spent 275 gold pieces at shops.

Inventory:

Hand Weapons
 t - a +2 hammer of venom (weapon)
Missiles
 k - 9 poisoned darts
Armour
 j - a +0 cloak (worn)
 x - the +0 pair of gloves "Peimauz" (worn) {Int+3}
   (You bought it in a shop on level 3 of the Dungeon)

   Int:       It affects your intelligence (+3).
Jewellery
 d - a ring of positive energy (left hand)
 y - an amulet of faith (around neck)
Wands
 z - a wand of paralysis (23)
Scrolls
 e - 2 scrolls of teleportation {unknown}
 g - 2 scrolls of magic mapping {unknown}
 h - 2 scrolls of identify {unknown}
 m - 4 scrolls of noise {unknown}
 o - 2 scrolls of butterflies {unknown}
 p - 3 scrolls of blinking {unknown}
 q - 3 scrolls of poison {unknown}
 r - 2 scrolls of amnesia {unknown}
 u - a scroll of enchant weapon {unknown}
 v - 3 scrolls of vulnerability {unknown}
Potions
 b - a potion of cancellation {unknown}
 c - a potion of might {unknown}
 f - 3 potions of heal wounds {unknown}
 i - a potion of mutation {unknown}
 l - a potion of attraction {unknown}
 n - 2 potions of berserk rage {unknown}
 s - 2 potions of curing {unknown}
 w - a potion of brilliance {unknown}


   Skills:
 - Level 1.7 Dodging
 - Level 1.7 Stealth
 + Level 5.5 Spellcasting
 + Level 7.0 Conjurations
 + Level 1.2 Hexes
 + Level 4.1 Translocations


You had 12 spell levels left.
You knew the following spells:

 Your Spells              Type           Power      Damage    Failure   Level
a - Magic Dart            Conj           100%       1d8       1%          1
b - Searing Ray           Conj           80%        2d7       1%          2
c - Dazzling Flash        Conj/Hex       52%        N/A       4%          3

Your spell library contained the following spells:

 Spells                   Type           Power      Damage    Failure   Level
 Summon Small Mammal      Summ           24%        N/A       9%          1
 Iskenderun's Mystic Bla  Conj/Tloc      33%        2d8       9%          4
 Fulminant Prism          Conj/Hex       13%        3d8       16%         4
 Summon Guardian Golem    Hex/Summ       9%         N/A       19%         3
 Call Canine Familiar     Summ           6%         N/A       26%         3


Dungeon Overview and Level Annotations

Branches:
Dungeon (5/15)
 Temple: D:4-7

Altars:
Cheibriados
Dithmenos
Elyvilon
Gozag
Kikubaaqudgha
Qazlal
Ru
Wu Jian
The Shining One

Shops:
D:3 [   D:5 *

Annotations:
D:3 1 runed translucent door, Crazy Yiuf
D:5 Edmund


Innate Abilities, Weirdness & Mutations

You can breathe blasts of noxious fumes.
Your lurid green scales are hard. (AC +6)
You cannot fit into any form of body armour.
Your system is resistant to poisons. (rPois)
You are cold-blooded and may be slowed by cold attacks.


Message History

The orc is heavily wounded.
Edmund barely misses you.
The searing ray misses Edmund.
The searing ray hits the white imp.
The white imp is lightly wounded.
Edmund closely misses you. The orc barely misses you.
Magic courses through your body.
Edmund hits you with a +0 dire flail of holy wrath!
* * * LOW HITPOINT WARNING * * *
The orc barely misses you.
Casting: Searing Ray (safe; 1% risk of failure)
Confirm with . or Enter, or press ? or * to list all spells.
Casting: Dazzling Flash (dangerous; 4% risk of failure)
Press: ? - help, Dir - look around, f - activate You miscast Dazzling Flash.
You are very lightly contaminated with residual magic.
Nothing appears to happen.
Edmund barely misses you. The orc closely misses you.
Casting: Dazzling Flash (dangerous; 4% risk of failure)
Confirm with . or Enter, or press ? or * to list all spells.
Casting: Dazzling Flash (dangerous; 4% risk of failure)
Press: ? - help, Dir - look around, f - activate The orc is dazzled.
Edmund hits you with a +0 dire flail of holy wrath.
* * * LOW HITPOINT WARNING * * *
The orc closely misses you.
Casting: Dazzling Flash (dangerous; 4% risk of failure)
Confirm with . or Enter, or press ? or * to list all spells.
Casting: Dazzling Flash (dangerous; 4% risk of failure)
Press: ? - help, Dir - look around, f - activate The orc is dazzled.
The white imp is dazzled.
Edmund hits you with a +0 dire flail of holy wrath!
* * * LOW HITPOINT WARNING * * *
The orc hits you but does no damage.
Casting: Dazzling Flash (dangerous; 4% risk of failure)
Confirm with . or Enter, or press ? or * to list all spells.
Casting: Dazzling Flash (dangerous; 4% risk of failure)
Press: ? - help, Dir - look around, f - activate Edmund is dazzled.
The white imp is dazzled.
Edmund barely misses you. The orc hits you with a +0 flail.
You die...

≈≈≈..... ##.........#.....
#.....# ####..............
#.....# #............#####
#######..5####.####.####..#
###
..........o....##.....##.##
#..
#...#...###..#.......#.#
##.# ........###
#..#.......#.# #..#
..#...### #o@5..._....)#
#.## ......
#.@#.......#.###.# #####
#..#.....[.#.#...#
##.##.....##.#.###
#.####.####.#.#
#...........#.#
#########.....# #######


You could see Edmund (blind), a white imp (blind) and an orc (blind).

Vanquished Creatures
  A water moccasin (D:4)
  2 ice beasts (D:5)
  An ogre (D:5)
  A centaur (D:5)
  A phantom (D:5)
  A scorpion (D:4)
  A hound (D:5)
  An iron imp (D:5)
  4 orc priests
  2 iguanas (D:4)
  An orc wizard (D:4)
  5 gnolls
  6 adders
  A white imp (D:5)
  2 ufetubi (D:4)
  A worm (D:5)
  4 dart slugs
  8 orcs
  8 ball pythons
  3 bats
  2 endoplasms
  4 goblins
  7 hobgoblins
  4 jackals (D:1)
  9 kobolds
  5 quokkas
  4 frilled lizards
  8 rats
97 creatures vanquished.

Notes
Turn   | Place    | Note
-------+----------+-------------------------------------------
     0 | D:1      | NinjaNoafa the Draconian Conjurer began the quest for the
                  | Orb.
     0 | D:1      | Reached XP level 1. HP: 14/14 MP: 3/3
   298 | D:1      | Reached XP level 2. HP: 16/20 MP: 0/5
   305 | D:1      | Learned a level 2 spell: Searing Ray
   338 | D:1      | Found a faded altar of an unknown god.
   500 | D:1      | Reached XP level 3. HP: 26/26 MP: 1/7
  1145 | D:2      | Reached XP level 4. HP: 33/33 MP: 1/8
  1220 | D:3      | Reached skill level 5 in Conjurations
  1365 | D:3      | Found a runed translucent door.
  1366 | D:3      | Noticed Crazy Yiuf
  1491 | D:3      | Found Ykhadoodu's Antique Armour Emporium.
  1874 | D:3      | Reached XP level 5. HP: 22/38 MP: 2/10
  2162 | D:4      | Reached skill level 1 in Translocations
  2222 | D:3      | Bought a pair of steaming gloves for 275 gold pieces
  2222 | D:3      | Identified the +0 pair of gloves "Peimauz" {Int+3} (You
                  | bought it in a shop on level 3 of the Dungeon)
  2395 | D:4      | Found a white marble altar of Elyvilon.
  2532 | D:4      | Reached XP level 6. HP: 45/45 MP: 10/12
  2779 | D:4      | Found a stormy altar of Qazlal.
  2870 | D:4      | Reached skill level 6 in Conjurations
  2987 | D:5      | Entered Level 5 of the Dungeon
  2994 | D:4      | Learned a level 3 spell: Dazzling Flash
  3054 | D:5      | Noticed a water moccasin
  3070 | D:4      | Killed a water moccasin
  3071 | D:4      | Your scales start taking on a lurid green colour.
  3071 | D:4      | Reached XP level 7. HP: 33/50 MP: 2/14
  3071 | D:4      | Gained mutation: Your system is resistant to poisons.
                  | (rPois) [Green Draconian growth]
  3185 | D:5      | Found a sacrificial altar of Ru.
  3185 | D:5      | Found an ancient bone altar of Kikubaaqudgha.
  3213 | D:5      | Reached skill level 5 in Spellcasting
  3217 | D:5      | Found an ornate altar of the Wu Jian Council.
  3250 | D:5      | Found a snail-covered altar of Cheibriados.
  3280 | D:5      | Found a glowing golden altar of the Shining One.
  3345 | D:5      | Found a shadowy altar of Dithmenos.
  3406 | D:5      | Noticed Edmund
  3429 | D:5      | Found an opulent altar of Gozag.
  3434 | D:5      | Found Gozag's Platinum Reserve.
  3468 | D:5      | Reached skill level 1 in Hexes
  3468 | D:5      | Reached XP level 8. HP: 19/57 MP: 7/16
  3498 | D:5      | Reached skill level 7 in Conjurations
  3512 | D:5      | HP: 2/57 [Edmund/+0 dire flail of holy wrath (9)]
  3513 | D:5      | Slain by an orc

Illustrated notes

Levels and vault maps discovered:
D:1:      lightli_arrival_statue_moat, layout_loops_cross,
          ebering_ecumenical_altar_mist, chequers_serial_rivers_room_b
D:2:      layout_rooms
D:3:      layout_loops_corners, serial_shops, shop, serial_aquarium,
          aquarium_bridge_square [aquarium_subvault_bridge,
          aquarium_subvault_bridge, aquarium_subvault_bridge,
          aquarium_subvault_wall], aquarium_window_1, aquarium_window_1,
          aquarium_window_1, aquarium_window_fake, aquarium_view_4,
          aquarium_view_2b, aquarium_balcony_double_1, minmay_misc_feat_encased,
          uniq_crazy_yiuf_cottage
D:4:      minmay_spotlight, layout_loops_ring, mainiacjoe_overflow_alcove_4,
          general_overflow_altar, kennysheep_orc_chapel
D:5:      layout_rooms, lemuel_coloured_pillars_altar, tso_metal_star,
          old_standard_altar, slow_altar_1, nzn_wu_jian_contemplation,
          nicolae_gozag_zags_fifth_avenue, gammafunk_temple_overflow_pools,
          uniq_edmund

Skill      XL: |  1  2  3  4  5  6  7  8 |
---------------+-------------------------+-----
Spellcasting   | 3 4 5 |  5.5
Conjurations   | 5 6 7 |  7.0
Translocations | 1 2 4 |  4.1
Hexes          | 1 |  1.2
Dodging        | |  1.7
Stealth        | |  1.7

Action                     |  1- 3 |  4- 6 |  7- 9 || total
---------------------------+-------+-------+-------++-------
  Melee: Short sword       |    15 |       |       ||    15
         Tailslap          |     5 |     2 |     1 ||     8
         Spear             |    13 |       |       ||    13
         Mace              |       |    11 |     6 ||    17
         Punch             |       |     1 |       ||     1
   Cast: Magic Dart        |    58 |    32 |     2 ||    92
         Searing Ray       |     7 |    14 |    14 ||    35
         Dazzling Flash    |       |     1 |     3 ||     4
Ability: Breathe Noxious F |       |       |    10 ||    10
    Use: Potion            |       |       |     1 ||     1
 Armour: Skin              |    19 |    10 |    11 ||    40
  Dodge: Dodged            |    34 |    17 |    21 ||    72

Table legend: (Time is in decaauts)
 A = Elapsed time spent in this place.
 B = Non-inter-level travel time spent in this place.
 C = Inter-level travel time spent in this place.
 D = Time resting spent in this place.
 E = Time spent auto-exploring this place.
 F = Levels seen in this place.
 G = Mean time per level.
                   A        B        C        D        E       F      G
               +--------+--------+--------+--------+--------+-----+--------+
         Total |   3521 |   2608 |    913 |      0 |    201 |   5 |  704.2 |
       Dungeon |   3521 |   2608 |    913 |      0 |    201 |   5 |  704.2 |
               +--------+--------+--------+--------+--------+-----+--------+

Top non-repeatable levels by time:
     D:4: 1065 daAuts
     D:3: 940 daAuts
     D:1: 760 daAuts
     D:2: 399 daAuts
     D:5: 356 daAuts
